 Dungeon Crawl Stone Soup version 0.31-a0-631-g285b096dc4 (webtiles) character file.

Game seed: 11792621049412487471

44 LeprechaunX the Changeling (level 3, 0/24 HPs)
             Began as an Octopode Shapeshifter on Aug 25, 2023.
             Slain by an orc wizard
             ... wielding a +1 dagger of speed
              (4 damage)
             ... on level 3 of the Dungeon.
             The game lasted 00:01:40 (1559 turns).

LeprechaunX the Changeling (Octopode Shapeshifter)  Turns: 1559, Time: 00:01:41

Health: 0/24       AC:  1    Str: 16    XL:     3   Next: 62%
Magic:  3/3        EV: 13    Int: 10    God:
Gold:   111        SH:  0    Dex: 12    Spells: 2/2 levels left

rFire   . .          .
                       - Unarmed
rCold   . . .        (no shield)
rNeg    . . .        (helmet currently unavailable)
rPois   .            (no amulet)
rElec   .            (no ring)
rCorr   .            (no ring)
SInv    .            (no ring)
Will    .....        (no ring)
Stlth   ++           (no ring)
HPRegen 0.24/turn    (no ring)
MPRegen 0.08/turn    (no ring)
                     (no ring)

%: no passive effects
@: beast-form
A: beast (slay +1), almost no armour, amphibious, 8 rings, camouflage 1,
gelatinous body 1, (nimble swimmer 1), tentacles
a: Begin Untransformation


You were on level 3 of the Dungeon.
You were a hulking beast.
You visited 1 branch of the dungeon, and saw 3 of its levels.

You collected 111 gold pieces.

Inventory:

Missiles
 d - 6 atropa-tipped darts
Talismans
 b - a beast talisman (active)
 c - a flux talisman
 p - a maw talisman
Scrolls
 e - a scroll of torment {unknown}
 f - 3 scrolls of identify {unknown}
 g - a scroll of poison {unknown}
 h - a scroll of fog {unknown}
 k - a scroll of amnesia {unknown}
 m - 2 scrolls of vulnerability {unknown}
 o - a scroll of blinking {unknown}
 q - a scroll of silence {unknown}
Potions
 a - 2 potions of lignification
 i - a potion of attraction {unknown}
 j - a potion of resistance {unknown}
 l - a potion of brilliance {unknown}
 n - a potion of might {unknown}


   Skills:
 + Level 1.7 Fighting
 + Level 2.5 Dodging
 + Level 3.4 Unarmed Combat
 * Level 3.4 Shapeshifting


You had 2 spell levels left.
You didn't know any spells.
Your spell library contained the following spells:

 Spells                   Type           Power      Damage    Failure   Level
 Call Canine Familiar     Summ           0%         N/A       75%         3
 Hailstorm                Conj/Ice       0%         3d3       75%         3
 Portal Projectile        Hex/Tloc       0%         N/A       75%         3
 Leda's Liquefaction      Hex/Erth       0%         N/A       98%         4
 Summon Ice Beast         Ice/Summ       0%         N/A       98%         4
 Simulacrum               Ice/Necr       0%         N/A       100%        6


Dungeon Overview and Level Annotations

Branches:
Dungeon (3/15)

Altars:
Wu Jian


Innate Abilities, Weirdness & Mutations

You are a hulking beast.
Your limbs bulge with bestial killing power. (Slay +1)
You cannot wear most types of armour.
You are amphibious.
You can wear up to eight rings at the same time.
Your skin changes colour to match your surroundings (Stealth+).
Your rubbery body absorbs attacks. (AC +1, EV +1)
((You are camouflaged when in or above water. (Stealth+)))
You have tentacles for arms and can constrict up to eight enemies at once.


Message History

The orc hits you with a +0 falchion of holy wrath.
The frilled lizard hisses angrily.
You tentacle-slap the orc.
You kill the orc!
The orc wizard casts a spell.
The orc wizard flickers and vanishes!
Deactivating autopickup; reactivate with Ctrl-A.
A goblin comes into view. It is wielding a +0 dagger.
Found 7 gold pieces.
The goblin shouts!
The orc barely misses you.
You see here a +0 falchion of holy wrath.
You barely miss the orc. Your grab misses the orc. You squeeze the orc.
The orc is moderately wounded.
You closely miss the orc. Your grab misses the orc. You squeeze the orc.
The orc is severely wounded.
The orc hits you with a +0 hand axe.
You tentacle-slap the orc. Your grab misses the orc.
The orc is severely wounded.
The frilled lizard bites you. The orc barely misses you. Something hits you. x2
You are too injured to fight recklessly!
You bludgeon the orc!
You kill the orc!
The frilled lizard bites you. Something hits you.
* * * LOW HITPOINT WARNING * * *
Unknown command.
You closely miss the frilled lizard. Your grab misses the frilled lizard.
Something hits you.
* * * LOW HITPOINT WARNING * * *
The frilled lizard barely misses you. Something hits you.
* * * LOW HITPOINT WARNING * * *
Unknown command.
You bludgeon the goblin!
You kill the goblin!
The frilled lizard closely misses you. Something barely misses you.
Unknown command.
You closely miss the frilled lizard. Your grab misses the frilled lizard.
The frilled lizard bites you but does no damage.
Something hits you.
You die...

#### ##### # #.. ##....
#. ####.########..### .
##.##.............##..
..#........#######......
...........# ##.###..
......))...######..###..
$.....lh..........##....
..........>###..........
.$....###..............†
....#...................
... .................(..
.. .#...................
. ..#####.............#.
.. #......)...#####
#.....>....##


You could see a frilled lizard.

Vanquished Creatures
  2 worms (D:3)
  2 orcs (D:3)
  An endoplasm (D:1)
  3 giant cockroaches
  5 goblins
  2 hobgoblins
  2 jackals (D:2)
  2 quokkas (D:3)
  5 ball pythons
  3 bats
  A frilled lizard (D:1)
  4 kobolds
  2 rats
34 creatures vanquished.

Notes
Turn   | Place    | Note
-------+----------+-------------------------------------------
     0 | D:1      | LeprechaunX the Octopode Shapeshifter began the quest for
                  | the Orb.
     0 | D:1      | Reached XP level 1. HP: 13/13 MP: 1/1
   260 | D:1      | Reached XP level 2. HP: 18/18 MP: 2/2
   291 | D:1      | You fall into a shaft and drop 1 floor!
   980 | D:2      | Found an ornate altar of the Wu Jian Council.
  1333 | D:3      | Found a faded altar of an unknown god.
  1338 | D:3      | Reached XP level 3. HP: 23/23 MP: 3/3
  1559 | D:3      | Slain by an orc wizard

Illustrated notes

Levels and vault maps discovered:
D:1:      minmay_arrival_up_and_down, layout_loops_ring, serial_rivers,
          chequers_serial_rivers_micro_d, chequers_serial_rivers_small_3,
          chequers_serial_rivers_large_a, chequers_serial_rivers_micro_d,
          minmay_strange_pillars, st_stairs_7, kennysheep_flooded_box
D:2:      layout_loops_ring, serial_rivers, chequers_serial_rivers_room_a,
          chequers_serial_rivers_small_a, chequers_serial_rivers_marsh,
          chequers_serial_rivers_room_b, chequers_serial_rivers_micro_b,
          chequers_serial_rivers_micro_b, basic_altar
D:3:      layout_rooms, ebering_ecumenical_altar_petrified

Action                     || total
---------------------------++-------
  Melee: Unarmed           ||    65
         Tentacles         ||    11
         Constrict         ||    10
   Stab: Sleeping          ||    10
 Armour: Skin              ||     5
  Dodge: Dodged            ||    41

Table legend: (Time is in decaauts)
 A = Elapsed time spent in this place.
 B = Non-inter-level travel time spent in this place.
 C = Inter-level travel time spent in this place.
 D = Time resting spent in this place.
 E = Time spent auto-exploring this place.
 F = Levels seen in this place.
 G = Mean time per level.
                   A        B        C        D        E       F      G
               +--------+--------+--------+--------+--------+-----+--------+
         Total |   1554 |   1467 |     87 |      0 |   1238 |   3 |  518.0 |
       Dungeon |   1554 |   1467 |     87 |      0 |   1238 |   3 |  518.0 |
               +--------+--------+--------+--------+--------+-----+--------+

Top non-repeatable levels by time:
     D:1: 680 daAuts
     D:2: 639 daAuts
     D:3: 235 daAuts
